 Dungeon Crawl Stone Soup version 0.32-a0-886-g41c5271027 (webtiles) character file.

Game seed: 13830619101311746686

11 KennySheep the Trooper (level 2, -2/24 HPs)
             Began as a Formicid Cinder Acolyte on Apr 2, 2024.
             Was a High Priest of Ignis.
             Slain by a quokka (5 damage)
             ... on level 1 of the Dungeon.
             The game lasted 00:01:06 (160 turns).

KennySheep the Trooper (Formicid Cinder Acolyte)     Turns: 160, Time: 00:01:07

Health: -2/24      AC:  2    Str: 18    XL:     2   Next: 40%
Magic:  3/3        EV:  0    Int: 13    God:    Ignis [*****.]
Gold:   8          SH:  0    Dex:  9    Spells: 1/3 levels left

rFire   + .          .
                       - Unarmed
rCold   . . .        (no shield)
rNeg    . . .        a - +0 robe
rPois   .            (helmet unavailable)
rElec   .            (no cloak)
rCorr   .            (no gloves)
SInv    +            (no boots)
Will    .....        (no amulet)
Stlth   +            (no ring)
HPRegen 0.24/turn    (no ring)
MPRegen 0.08/turn

%: no passive effects
@: constricted
A: permanent stasis, dig shafts and tunnels, antennae 3, four strong arms
a: Dig, Shaft Self, Renounce Religion, Fiery Armour, Foxfire Swarm, Rising Flame


You were on level 1 of the Dungeon.
You worshipped Ignis.
Ignis was extremely pleased with you.
You visited 1 branch of the dungeon, and saw 1 of its levels.

You collected 8 gold pieces.

Inventory:

Armour
 a - a +0 robe (worn)
Scrolls
 c - a scroll of vulnerability {unknown}
Potions
 b - a potion of curing {unknown}


   Skills:
 + Level 3.5 Fighting
 * Level 3.4 Unarmed Combat
 - Level 1.1 Spellcasting
 - Level 3.0 Fire Magic


You had one spell level left.
You knew the following spells:

 Your Spells              Type           Power      Damage    Failure   Level
a - Scorch                Fire           16%        2d5       12%         2

Your spell library contained the following spells:

 Spells                   Type           Power      Damage    Failure   Level


Dungeon Overview and Level Annotations

Branches:
Dungeon (1/15)

Altars:


Innate Abilities, Weirdness & Mutations

You cannot be hasted, slowed, berserked, paralysed or teleported.
You can dig through walls and to a lower floor.
You have a pair of large antennae on your head. (SInv)
Your four strong arms can wield two-handed weapons with a shield.


Message History

You hear an angry hiss.
You see here a +0 whip.
There are monsters nearby!
There are monsters nearby!
A ball python comes into view.
Found a stone staircase leading down.
The ball python hisses angrily.
You hit the hobgoblin but do no damage. The hobgoblin closely misses you.
You hit the hobgoblin.
You kill the hobgoblin!
A quokka comes into view.
You closely miss the hobgoblin. The hobgoblin closely misses you.
You hit the hobgoblin but do no damage. The hobgoblin closely misses you.
You barely miss the hobgoblin. You punch the hobgoblin.
The hobgoblin is severely wounded.
The kobold barely misses you. The hobgoblin misses you.
You hit the hobgoblin.
The hobgoblin is almost dead.
The kobold closely misses you. The hobgoblin hits you.
You hit the hobgoblin.
You kill the hobgoblin!
The kobold barely misses you.
You hit the quokka.
The quokka is moderately wounded.
The ball python bites you. The ball python grabs you.
The ball python constricts you. The quokka bites you.
The kobold hits you with a +0 whip.
You barely miss the ball python. The ball python bites you.
The ball python constricts you. The quokka bites you.
The kobold hits you with a +0 whip.
* * * LOW HITPOINT WARNING * * *
The ball python's grasp on you weakens, but your attempt to escape fails.
The ball python bites you.
* * * LOW HITPOINT WARNING * * *
The ball python constricts you.
* * * LOW HITPOINT WARNING * * *
The quokka twitches its whiskers.
The quokka bites you.
You die...
Ignis goes out, and joins you in death.

. .#...........# #)# #.
#.............# #.#
.##..##.........## ##.#
.. ##...#...## #..# .
######### ##.## ###..#
.#################...##
.......)...........###
.......@############
......rSK.# .#.###....#
.. ....... . ........#
....#..#... { .....
....... ##.... >...##.


You could see a quokka, a ball python and a kobold.

Vanquished Creatures
  2 giant cockroaches (D:1)
  A goblin (D:1)
  5 hobgoblins (D:1)
  A ball python (D:1)
9 creatures vanquished.

Notes
Turn   | Place    | Note
-------+----------+-------------------------------------------
     0 | D:1      | KennySheep the Formicid Cinder Acolyte began the quest for
                  | the Orb.
     0 | D:1      | Reached XP level 1. HP: 18/18 MP: 2/2
    84 | D:1      | Reached XP level 2. HP: 18/24 MP: 3/3
   118 | D:1      | Learned a level 2 spell: Scorch
   160 | D:1      | Slain by a quokka

Illustrated notes

Levels and vault maps discovered:
D:1:      dpeg_arrival_morbid_curiosity, layout_rooms

Action                     || total
---------------------------++-------
  Melee: Unarmed           ||    30
         Punch             ||     1
 Armour: Robe              ||    26
  Dodge: Dodged            ||    15

Table legend: (Time is in decaauts)
 A = Elapsed time spent in this place.
 B = Non-inter-level travel time spent in this place.
 C = Inter-level travel time spent in this place.
 D = Time resting spent in this place.
 E = Time spent auto-exploring this place.
 F = Levels seen in this place.
 G = Mean time per level.
                   A        B        C        D        E       F      G
               +--------+--------+--------+--------+--------+-----+--------+
         Total |    158 |    158 |      0 |      0 |     94 |   1 |  158.0 |
       Dungeon |    158 |    158 |      0 |      0 |     94 |   1 |  158.0 |
               +--------+--------+--------+--------+--------+-----+--------+

Top non-repeatable levels by time:
     D:1: 158 daAuts
